AoeStats
← FrankSinatrap

Hideout

510208519Analyzed
1v1 RM · 2d ago on Sep 30, 2026· 42m 30s· 2 players
Game mode
Random Map
Map size
Tiny (2 player)
Population
200
Speed
Normal
Resources
Standard
Victory
Conquest
Starting age
Dark Age
Ending age
Imperial Age
RankedLock teamsTeams togetherTeam positionsShared explorationLock speedFull tech treeHidden civsTurbo modeCheats
Victory
Defeat
🇲🇽 Saracens · Mexico
1292
+15
🇩🇪 Japanese · Germany
1273
-15
LeoKiller225910
6:40 Loom
9:05 Feudal Age
9:34 Double-Bit Axe
9:58 Man-at-Arms
11:33 Horse Collar
14:56 Fletching
19:52 Padded Archer Armor
26:28 Castle Age
24:46 Gold Mining
27:08 Bodkin Arrow
26:35 Elite Skirmisher
27:17 Long Swordsman
27:42 Gambesons
29:29 Scale Mail Armor
34:27 Crossbowman
36:38 Chain Mail Armor
37:26 Leather Archer Armor
38:00 Gold Shaft Mining
41:02 Ballistics
42:48 Masonry
FrankSinatrap
8:39 Feudal Age
7:50 Loom
9:09 Double-Bit Axe
10:22 Town Watch
13:00 Fletching
23:10 Castle Age
21:20 Padded Archer Armor
22:54 Bloodlines
23:46 Bodkin Arrow
23:13 Crossbowman
27:31 Bloodlines
27:34 Horse Collar
28:22 Scale Barding Armor
31:18 Chain Barding Armor
39:44 Imperial Age
38:11 Wheelbarrow
37:54 Bow Saw
37:42 Gold Mining
38:34 Town Watch
40:12 Ballistics
40:26 Bracer
41:37 Chemistry
Connection lost

Rejoining the realm…

Still unreachable

The connection could not be restored.

Session expired

The server has moved on; the page needs a fresh start.